Map: Incorporeal LE

Players

SpeCial

  • Race: Terran Terran
  • League: Grandmaster
  • Spawn Location: 11:00

A.I. 1 (Very Easy) - Winner!

  • Race: Zerg Zerg
  • Spawn Location: 5:00

VOD

Have the link to the VOD?

Description

Time

  • Played on: Oct. 26, 2025, 2:05 p.m.
  • Length: 8:17
Show
View Real Time Build Order
Export as new Build Order

SpeCial Terran 

Build Orders: Reaper Expand 

Get SALT Encoding   

  12  0:00  SCV  
  13  0:12  SCV  
  14  0:17  Supply Depot  
  14  0:24  SCV  
  15  0:39  SCV  
  15  0:40  Barracks  
  16  0:44  Refinery  
  16  0:51  SCV  
  17  1:03  SCV  
  18  1:15  SCV  
  19  1:27  Reaper  
  19  1:28  Orbital Command  
  20  1:40  Command Center  
  20  1:48  Supply Depot  
  20  1:53  SCV  
  21  1:59  Marine  
  22  2:05  SCV  
  23  2:12  Factory  
  23  2:18  SCV  
  23  2:21  Barracks Reactor  
  24  2:30  SCV  
  25  2:38  Command Center  
  25  2:42  SCV  
  26  2:52  Orbital Command  
  26  2:54  SCV  
  26  2:58  Starport  
  27  3:04  Refinery  
  27  3:06  SCV  
  28  3:16  Hellion x2  
  28  3:17  Barracks Tech Lab  
  33  3:20  SCV  
  33  3:22  SCV  
  34  3:32  SCV  
  35  3:34  SCV  
  35  3:38  Hellion x2  
  40  3:43  Banshee  
  40  3:44  Barracks Tech Lab  
  40  3:46  SCV  
  40  3:47  SCV  
  45  3:51  Orbital Command  
  45  3:58  SCV  
  45  3:59  SCV  
  47  4:03  Stimpack, Marine  
  47  4:06  Barracks  
  48  4:12  Barracks, SCV  
  48  4:14  SCV  
  48  4:16  Factory Reactor  
  50  4:21  Supply Depot  
  50  4:22  Marine  
  50  4:23  SCV  
  52  4:24  SCV  
  52  4:26  SCV  
  54  4:35  SCV  
  54  4:36  SCV, Starport Reactor  
  56  4:40  Marine, Refinery  
  56  4:41  Refinery, SCV  
  56  4:45  Supply Depot  
  58  4:48  SCV  
  58  4:51  SCV  
  60  4:53  SCV  
  61  5:00  Engineering Bay  
  61  5:01  Engineering Bay  
  61  5:03  Marine x3  
  61  5:05  SCV x2  
  66  5:10  Marine x2, Supply Depot  
  68  5:14  SCV  
  68  5:17  Orbital Command, SCV  
  68  5:21  Marine x3, Medivac x2  
  70  5:24  Supply Depot  
  77  5:30  Terran Infantry Weapons Level 1  
  77  5:32  Terran Infantry Armor Level 1, Marine x2  
  77  5:33  SCV  
  80  5:35  SCV  
  80  5:39  Marine x3  
  84  5:46  Siege Tank, Supply Depot  
  84  5:48  Combat Shield  
  87  5:50  Marine x2, SCV  
  87  5:53  SCV  
  87  5:54  SCV  
  87  5:56  Marine  
  93  6:03  Supply Depot  
  93  6:07  Barracks  
  93  6:08  Marine x4, SCV  
  93  6:09  Barracks, Supply Depot  
  97  6:14  Marine  
  98  6:19  SCV x2  
  98  6:21  SCV  
  101  6:25  Supply Depot  
  101  6:26  Marine x4  
  101  6:28  Siege Tank  
  101  6:31  Medivac x2  
  101  6:32  Marine  
  113  6:35  SCV x3  
  113  6:38  Supply Depot, Armory  
  116  6:43  Marine  
  116  6:46  Marine x3  
  117  6:47  Supply Depot, SCV x2  
  117  6:50  Marine, Supply Depot  
  123  6:54  Barracks Reactor  
  123  6:56  Barracks Reactor  
  123  6:57  SCV  
  123  6:59  Refinery x2, SCV  
  123  7:00  SCV  
  123  7:01  Factory, Marine  
  126  7:03  Supply Depot  
  126  7:04  Marine x3  
  126  7:08  Marine  
  131  7:10  Siege Tank  
  131  7:15  Supply Depot, SCV x3  
  137  7:19  Marine  
  137  7:21  Supply Depot  
  137  7:22  Marine x3  
  141  7:23  Medivac  
  141  7:24  Medivac  
  141  7:26  Marine  
  146  7:32  SCV x2  
  146  7:34  Marine x4  
  152  7:37  Marine  
  152  7:40  Marine  
  152  7:43  Barracks  
  154  7:46  Factory Tech Lab  
  154  7:51  Command Center  
  154  7:57  Barracks  
  154  7:58  Barracks  
  154  7:59  Barracks  
Show
View Real Time Build Order
Export as new Build Order

A.I. 1 (Very Easy) Zerg - Winner!

Build Orders: Pool First 

Get SALT Encoding   

  12  0:00  Drone  
  13  0:12  Overlord  
  13  0:16  Drone  
  14  0:36  Spawning Pool  
  14  0:37  Extractor  
  14  0:39  Drone  
  13  0:47  Drone  
  14  0:51  Overlord  
  14  1:23  Zergling x2  
  14  1:25  Queen  
  17  1:33  Roach Warren  
  17  1:35  Drone  
  17  1:39  Extractor  
  16  1:40  Zergling x2  
  16  1:43  Drone  
  18  1:56  Drone  
  18  1:57  Zergling x2  
  20  2:07  Drone  
  21  2:18  Drone  
  22  2:29  Drone  
  23  2:31  Overlord  
  23  2:36  Drone  
  24  2:43  Drone  
  25  5:40  Drone, Roach  
  25  5:41  Overlord, Lair  
  28  5:48  Drone  
  29  5:55  Drone  
  30  6:02  Drone  
  31  6:09  Drone  
  29  6:20  Roach  
  31  6:38  Overseer  
  31  6:39  Overseer  
  31  6:59  Roach  
  33  7:10  Hatchery  
  32  7:38  Zergling x2  
Tags
 
Add a new tag
Caveats
  • Supply blocks, unpowered buildings, or Contaminate may cause inaccurate times.
  • Supply counts are checked every 10 seconds.